 Dungeon Crawl Stone Soup version 0.26.0-3-g156281e41b (webtiles) character file.

Game seed: 11408539385821565981

365 trckry the Insei (level 6, -3/41 HPs)
             Began as an Octopode Transmuter on Jan 10, 2021.
             Slain by a phantom (7 damage)
             ... on level 4 of the Dungeon.
             The game lasted 00:07:30 (5462 turns).

trckry the Insei (Octopode Transmuter)              Turns: 5462, Time: 00:07:31

Health: -3/41      AC:  1    Str: 10    XL:     6   Next: 68%
Magic:  10/10      EV: 14    Int: 17    God:
Gold:   140        SH:  0    Dex: 12    Spells: 4/11 levels left

rFire    . . .     SeeInvis .     - Unarmed
rCold    . . .     Faith    .   (no shield)
rNeg     . . .     Spirit   .   (helmet restricted)
rPois    .         Reflect  .   (no amulet)
rElec    .         Harm     .   (no ring)
rCorr    .         Rampage  .   (no ring)
Will     .....                  (no ring)
Stlth    +++.......             (no ring)
HPRegen  0.13/turn              (no ring)
MPRegen  0.12/turn              (no ring)
                                (no ring)
                                (no ring)

@: no status effects
A: almost no armour, stealthy swim, amphibious, 8 rings, constrict 8, camouflage
1, gelatinous body 1
a: no special abilities


You were on level 4 of the Dungeon.
You visited 1 branch of the dungeon, and saw 4 of its levels.

You collected 140 gold pieces.

Inventory:

Missiles
 o - a throwing net
Wands
 h - a wand of random effects (11)
Scrolls
 a - 2 scrolls of teleportation {unknown}
 b - a scroll of blinking {unknown}
 c - 7 scrolls of identify
 e - 3 scrolls of remove curse
 f - 3 scrolls of enchant armour {unknown}
 g - 2 scrolls of enchant weapon {unknown}
 j - a scroll of immolation {unknown}
 n - a scroll of amnesia {unknown}
Potions
 d - 2 potions of magic
 i - a potion of haste {unknown}
 k - a potion of might {unknown}
 l - a potion of mutation {unknown}
 m - 2 potions of curing {unknown}


   Skills:
 + Level 2.5 Fighting
 - Level 3.0 Dodging
 + Level 3.2 Stealth
 * Level 4.6 Unarmed Combat
 - Level 3.0 Spellcasting
 + Level 3.1 Transmutations


You had 4 spell levels left.
You knew the following spells:

 Your Spells              Type           Power        Failure   Level
a - Beastly Appendage     Tmut           26%          4%          1
b - Wereblood             Tmut           13%          8%          2
c - Ice Form              Ice/Tmut       7%           67%         4

Your spell library contained the following spells:

 Spells                   Type           Power        Failure   Level
 Spider Form              Tmut/Pois      3%           28%         3
 Blade Hands              Tmut           6%           80%         5


Dungeon Overview and Level Annotations

Branches:
Dungeon (4/15)
 Temple: D:4-7

Altars:
Makhleb
Yredelemnul

Annotations:
D:2 Sigmund
D:3 , 2 transporters, Gadfly's ghost, amateur BaIE


Innate Abilities, Weirdness & Mutations

You cannot wear most types of armour.
You are very stealthy in the water. (Stealth+)
You are amphibious.
You can wear up to eight rings at the same time.
You can use your tentacles to constrict eight enemies at once.
Your skin changes colour to match your surroundings (Stealth+).
Your rubbery body absorbs attacks. (AC +1, EV +1)


Message History

The phantom is severely damaged.
You barely miss the phantom. Your squeeze misses the phantom.
The phantom is severely damaged.
Your primal bloodlust is almost over.
The phantom hits you.
* * * LOW HITPOINT WARNING * * *
The phantom blinks!
Your tentacle spike disappears.
You see here a scroll of identify.
c - 7 scrolls of identify (gained 1)
Your primal bloodlust has ended.
The phantom blinks!
You tentacle-slap the phantom.
The phantom is severely damaged.
The phantom barely misses you.
You tentacle-slap the phantom but do no damage.
Your tentacle-slap misses the phantom.
The phantom is severely damaged.
The phantom hits you!
You die...

#..# #.## #.#
#.#
##########.#
#.#
#..ยง.......#
#.#
#.##########
#.# #.# #.#
#<# #@# #.#
#W# #.# ###.#
#.# #...# #..
#.### #.. #
#.# #.. . #.#
#..# # #.#
#.#


You could see a phantom.

Vanquished Creatures
  A howler monkey (D:4)
  A centaur skeleton (D:4)
  2 orc priests (D:4)
  Crazy Yiuf (D:3)
  Natasha (thrice) (D:3)
  A worker ant (D:4)
  4 adders
  A worm (D:2)
  5 leopard geckos
  7 orcs
  4 giant cockroaches
  7 hobgoblins
  9 jackals
  8 kobolds
  2 ball pythons (D:2)
  4 bats
  7 frilled lizards
  4 goblins
  5 rats
76 creatures vanquished.

Notes
Turn   | Place    | Note
-------+----------+-------------------------------------------
     0 | D:1      | trckry the Octopode Transmuter began the quest for the Orb.
     0 | D:1      | Reached XP level 1. HP: 13/13 MP: 3/3
    53 | D:1      | Reached XP level 2. HP: 8/18 MP: 5/5
  1038 | D:2      | Reached skill level 1 in Stealth
  1053 | D:2      | Reached XP level 3. HP: 4/23 MP: 6/6
  1514 | D:2      | Noticed Sigmund
  2014 | D:2      | Found a basalt altar of Yredelemnul.
  2068 | D:2      | Reached XP level 4. HP: 28/28 MP: 7/7
  3152 | D:3      | Noticed Natasha
  3161 | D:3      | Killed Natasha
  3162 | D:3      | Reached XP level 5. HP: 17/34 MP: 8/8
  3434 | D:3      | Found a runed translucent door.
  3435 | D:3      | Noticed Crazy Yiuf
  3507 | D:3      | Noticed Natasha
  3518 | D:3      | Killed Natasha
  3519 | D:3      | Reached skill level 4 in Unarmed Combat
  3668 | D:3      | Found a burning altar of Makhleb.
  3686 | D:3      | Noticed an ogre
  3687 | D:3      | Noticed Gadfly's ghost (amateur BaIE)
  3688 | D:3      | Found a transporter.
  3688 | D:3      | Noticed an ogre
  3692 | D:3      | Found a transporter.
  3735 | D:3      | Noticed Natasha
  3740 | D:3      | Killed Natasha
  3898 | D:3      | Killed Crazy Yiuf
  4133 | D:4      | Reached XP level 6. HP: 21/39 MP: 10/10
  4502 | D:4      | Noticed a phantom
  4743 | D:3      | Learned a level 2 spell: Wereblood
  4748 | D:3      | Learned a level 4 spell: Ice Form
  5409 | D:4      | Noticed a phantom
  5445 | D:4      | HP: 2/41 [phantom (4)]
  5462 | D:4      | Slain by a phantom

Illustrated notes

Levels and vault maps discovered:
D:1:      dpeg_arrival_tiny_a, layout_loops_ring,
          chequers_serial_rivers_large_b, amcnicky_mini_rare_corridor_liquid
D:2:      layout_loops_ring, nicolae_overflow_hidden_temple, uniq_sigmund
D:3:      layout_basic, lightli_temple_of_fire, gammafunk_ghost_smash,
          nrook_campfire, uniq_crazy_yiuf_cottage, uniq_natasha
D:4:      layout_loops_ring, gammafunk_temple_overflow_elements

Skill      XL: |  1  2  3  4  5  6 |
---------------+-------------------+-----
Stealth        | 1 2 3 |  3.2
Unarmed Combat | 4 |  4.6
Fighting       | 2 |  2.5
Dodging        | 3 |  3.0
Transmutations | 3 |  3.1
Spellcasting   | 3 |  3.0

Action                   |  1- 3 |  4- 6 || total
-------------------------+-------+-------++-------
Melee: Unarmed           |    75 |   149 ||   224
       Constrict         |    21 |    31 ||    52
       Tentacles         |    12 |    33 ||    45
       Punch             |     1 |     3 ||     4
       Kick              |       |     2 ||     2
 Cast: Beastly Appendage |       |     2 ||     2
       Wereblood         |       |     1 ||     1
  Use: Scroll            |     2 |       ||     2
 Stab: Sleeping          |    13 |     5 ||    18
       Distracted        |       |     1 ||     1
Armor: Skin              |     6 |     6 ||    12
Dodge: Dodged            |    50 |    62 ||   112
